 Dungeon Crawl Stone Soup version 0.24-a0-370-g78e9d4e317 (webtiles) character file.

Game seed: 8239103358173985638

11251 HAL9000 the Slicer (level 11, -14/54 HPs)
             Began as a Vine Stalker Assassin on May 30, 2019.
             Was a Priest of Uskayaw.
             Demolished by Erolcha
             ... wielding a +0 giant club
              (18 damage)
             ... on level 10 of the Dungeon.
             The game lasted 00:35:29 (12239 turns).

HAL9000 the Slicer (Vine Stalker Assassin)         Turns: 12239, Time: 00:35:30

Health: -14/54     AC:  8    Str: 21    XL:     11   Next: 74%
Magic:  0/28       EV: 11    Int: 12    God:    Uskayaw [***...]
Gold:   796        SH:  9    Dex: 15    Spells: 10/10 levels left

rFire    + . .     SeeInvis .   a - +2 dagger
rCold    . . .     Gourm    .   C - +0 buckler
rNeg     . . .     Faith    .   I - +1 leather armour {rF+}
rPois    .         Spirit   +   J - +0 helmet (curse)
rElec    .         Reflect  +   G - +1 cloak
rCorr    .         Harm     .   q - +0 pair of gloves
MR       +....                  (no boots)
Stlth    ++++......             K - +3 amulet of reflection
HPRegen  0.58/turn              L - +4 ring of strength
MPRegen  0.21/turn              j - ring of magical power

@: starving
A: fangs 3, regeneration 1, magic shield, antimagic bite, no potion heal 3, rot
immunity
a: Stomp, Line Pass, Renounce Religion


You were on level 10 of the Dungeon.
You worshipped Uskayaw.
Uskayaw was aware of your devotion.
You were starving.

You visited 2 branches of the dungeon, and saw 11 of its levels.
You also visited: Bailey.

You collected 796 gold pieces.

Inventory:

Hand Weapons
 a - a +2 dagger (weapon)
Missiles
 d - 39 poisoned darts
 e - 3 throwing nets
 m - 39 boomerangs (quivered)
 o - 2 silver javelins
 t - 2 javelins
Armour
 q - a +0 pair of gloves (worn)
 C - a +0 buckler (worn)
 G - a +1 cloak (worn)
 I - a +1 leather armour of fire resistance (worn)
 J - a cursed +0 helmet (worn)
Jewellery
 j - a ring of magical power (right hand)
 s - an uncursed ring of flight
 K - a +3 amulet of reflection (around neck)
 L - a +4 ring of strength (left hand)
Wands
 r - a wand of disintegration (25)
 x - a wand of random effects (33)
 E - a wand of flame (2)
 F - a wand of acid (17)
 H - a wand of iceblast (4)
Scrolls
 b - 2 scrolls of blinking
 g - 5 scrolls of amnesia
 h - 3 scrolls of teleportation
 k - 3 scrolls of remove curse
 n - 2 scrolls of magic mapping
 p - 4 scrolls of enchant armour
 w - a scroll of immolation
 y - 3 scrolls of enchant weapon
 B - a scroll of fog
Potions
 c - a potion of resistance {unknown}
 i - a potion of magic
 l - 2 potions of haste
 u - 2 potions of mutation
 v - 2 potions of curing
 z - a potion of ambrosia
 A - a potion of lignification
 D - 3 potions of flight
Comestibles
 f - 22 rations


   Skills:
 + Level 4.6 Fighting
 - Level 10.3 Short Blades
 - Level 1.7 Throwing
 - Level 0.7 Dodging
 - Level 10.1 Stealth
 - Level 6.5 Shields
 * Level 9.6 Invocations


You had 10 spell levels left.
You didn't know any spells.
Your spell library contained the following spells:

 Spells                   Type           Power        Failure   Level  Hunger
 Corpse Rot               Necr           N/A          50%         2    ###....
 Sublimation of Blood     Necr           #.........   50%         2    ###....
 Agony                    Necr           #.......     100%        5    ######.
 Bolt of Draining         Conj/Necr      #.........   100%        5    ######.
 Dispel Undead            Necr           #.......     100%        5    ######.
 Excruciating Wounds      Chrm/Necr      #.........   100%        5    ######.


Dungeon Overview and Level Annotations

Branches:
Dungeon (10/15)            Temple (1/1) D:4
   Lair: D:8-11         Orc: D:9-12

Altars:
Ashenzari
Cheibriados
Dithmenos
Elyvilon
Fedhas
Gozag
Hepliaklqana
Kikubaaqudgha
Makhleb
Nemelex Xobeh
Okawaru
Qazlal
Ru
Sif Muna
Trog
Uskayaw
Vehumet
Wu Jian
Xom
Yredelemnul
Zin
The Shining One

Annotations:
D:10 Erolcha


Innate Abilities, Weirdness & Mutations

You have razor-sharp teeth.
Your natural rate of healing is unusually fast.
When hurt, damage is shared between your health and your magic reserves.
Your bite disrupts and absorbs the magic of your enemies.
Potions cannot restore your health.
You are immune to rotting.


Message History

You hit Erolcha but do no damage. Your bite misses Erolcha.
Erolcha is almost dead.
You hit Erolcha but do no damage.
Erolcha is almost dead.
You block Erolcha's attack.
You hit Erolcha but do no damage. You bite Erolcha.
Erolcha's magic leaks into the air.
You drain her magic.
You feel invigorated.
Erolcha is almost dead.
Erolcha falters for a moment.
Aiming: Line Pass
Press: ? - help, Dir - move target cursor Erolcha appears confused.
You are starving!
The orc wizard gestures wildly while chanting.
The orc wizard blinks!
The orc wizard points at you and mumbles some strange words.
The magic dart hits you!
* * * LOW HITPOINT WARNING * * *
Erolcha hits you with a +0 giant club!!
You die...

##........##.'...........#
#........#..#...........#
#........#.##########'###
#..........# ####..#
#........### ##....##
####.##### #..#### #...))#
###.##### #######'###
#.....#.####
#.....O@..#...#.#.#.....
#.........#.#.#.#...####
#...$.....# # #.###.#
#.$.......# ..#...#
#......o..+ #.###.###
#.........# #.......#
###+####### ######.## #..#
##.#


You could see Erolcha (confused) and an orc wizard.

Vanquished Creatures
  A two-headed ogre (D:9)
  An unseen horror (D:10)
  Pikel (D:5)
  An orc knight (Bailey)
  A centaur zombie (D:10)
  Joseph (D:8)
  Maurice (D:8)
  2 guardian serpents (D:9)
  Psyche (D:9)
  A troll (D:9)
  A hippogriff (D:10)
  Prince Ribbit (D:9)
  2 slime creatures
  9 yaks (D:9)
  A shadow (D:8)
  A hungry ghost (D:10)
  Duvessa (D:6)
  9 orc warriors
  3 slaves
  2 ice beasts
  2 black bears
  2 sky beasts
  5 ogres
  2 centaurs
  2 big kobolds (D:8)
  A wyvern zombie (D:10)
  4 bullfrogs
  Dowan (D:6)
  6 scorpions
  A howler monkey (D:4)
  3 crimson imps
  3 hounds
  6 jellies
  4 orc priests
  A gnoll shaman (D:4)
  10 orc wizards
  Ijyb (D:3)
  A bullfrog skeleton (D:4)
  A centaur skeleton (D:8)
  5 iguanas
  Natasha (thrice) (D:4)
  9 worker ants
  2 hound skeletons
  A howler monkey zombie (D:6)
  2 worker ant zombies
  11 adders
  12 gnolls
  A shadow imp (D:9)
  3 oozes (D:8)
  2 adder zombies
  4 worms
  3 dart slugs
  5 leopard geckos
  35 orcs
  8 bats
  2 giant cockroaches
  15 goblins
  7 hobgoblins
  9 jackals
  16 kobolds
  5 quokkas
  4 ball pythons
  8 frilled lizards
  A giant cockroach zombie (D:5)
  A jackal skeleton (D:7)
  A quokka skeleton (D:4)
  A quokka zombie (D:7)
  6 rats
  A spectral orc (D:9)
280 creatures vanquished.

Vanquished Creatures (others)
  A centaur (D:9)
  7 kobolds (Bailey)
  4 fungi (D:8)
  7 toadstools (D:8)
19 creatures vanquished.

Grand Total: 299 creatures vanquished

Notes
Turn   | Place    | Note
-------+----------+-------------------------------------------
     0 | D:1      | HAL9000 the Vine Stalker Assassin began the quest for the
                  | Orb.
     0 | D:1      | Reached XP level 1. HP: 11/11 MP: 2/2
   530 | D:1      | Reached XP level 2. HP: 15/15 MP: 3/3
  1216 | D:1      | Reached XP level 3. HP: 18/18 MP: 2/4
  2087 | D:2      | Gained mutation: Your natural rate of healing is unusually
                  | fast. [Vine Stalker growth]
  2087 | D:2      | Reached XP level 4. HP: 23/23 MP: 5/5
  2692 | D:2      | Reached XP level 5. HP: 26/26 MP: 6/6
  2899 | D:3      | Reached skill level 5 in Short Blades
  3251 | D:3      | Noticed Ijyb
  3261 | D:3      | Paralysed by Ijyb for 4 turns
  3293 | D:3      | Killed Ijyb
  3293 | D:3      | Reached XP level 6. HP: 25/30 MP: 5/7
  4325 | D:4      | Reached XP level 7. HP: 34/34 MP: 8/8
  4374 | D:4      | Found a staircase to the Ecumenical Temple.
  4446 | Temple   | Entered the Ecumenical Temple
  4661 | Temple   | Became a worshipper of Uskayaw the Reveler
  4730 | D:4      | Reached * piety under Uskayaw
  4826 | D:3      | Reached ** piety under Uskayaw
  4937 | D:4      | Noticed Natasha
  4944 | D:4      | Killed Natasha
  5022 | D:4      | Noticed Natasha
  5039 | D:4      | Killed Natasha
  5302 | D:4      | Gained mutation: You have razor-sharp teeth. [Vine Stalker
                  | growth]
  5302 | D:4      | Reached XP level 8. HP: 38/38 MP: 9/9
  5456 | D:4      | Noticed Natasha
  5465 | D:4      | Killed Natasha
  5571 | D:4      | Reached *** piety under Uskayaw
  5683 | D:5      | Entered Level 5 of the Dungeon
  5868 | D:5      | Reached skill level 1 in Shields
  6143 | D:5      | Noticed Pikel
  6602 | D:5      | Killed Pikel
  6602 | D:5      | Reached skill level 10 in Short Blades
  6602 | D:5      | Reached XP level 9. HP: 20/42 MP: 7/10
  6764 | D:5      | Found a shimmering altar of Xom.
  6774 | D:5      | Found a glowing silver altar of Zin.
  6780 | D:5      | Found a sparkling altar of Nemelex Xobeh.
  7357 | D:6      | Noticed Duvessa
  7360 | D:6      | Noticed Dowan
  7388 | D:6      | Killed Duvessa
  7407 | D:6      | Killed Dowan
  7532 | D:5      | Reached skill level 5 in Shields
  7970 | D:7      | Found an ancient bone altar of Kikubaaqudgha.
  8070 | D:7      | Found an opulent altar of Gozag.
  8076 | D:7      | Found a deep blue altar of Sif Muna.
  8076 | D:7      | Found an ornate altar of the Wu Jian Council.
  8080 | D:7      | Found an iron altar of Okawaru.
  8138 | D:7      | Reached **** piety under Uskayaw
  8399 | D:7      | Reached skill level 1 in Invocations
  8629 | D:7      | Found an iron altar of Okawaru.
  8716 | D:8      | Noticed Maurice
  8732 | D:8      | Killed Maurice
  8732 | D:8      | Reached XP level 10. HP: 46/46 MP: 11/14
  8871 | D:8      | Noticed Joseph
  8886 | D:8      | Killed Joseph
  8886 | D:8      | Reached skill level 5 in Stealth
  8886 | D:8      | Reached skill level 5 in Invocations
  9594 | D:9      | Noticed Prince Ribbit
  9610 | D:9      | Killed Prince Ribbit
  9646 | D:9      | Noticed a guardian serpent
  9888 | D:9      | Killed a guardian serpent
 10135 | D:9      | Found a flagged portal.
 10159 | D:9      | Found a radiant altar of Vehumet.
 10245 | Bailey   | Entered a bailey
 10265 | Bailey   | Noticed an orc knight
 10595 | Bailey   | Killed an orc knight
 10595 | Bailey   | Reached XP level 11. HP: 18/50 MP: 6/17
 11065 | D:9      | Reached skill level 10 in Stealth
 11110 | D:9      | Found a basalt altar of Yredelemnul.
 11362 | D:9      | Noticed Psyche
 11381 | D:9      | Killed Psyche
 11417 | D:9      | Reached ***** piety under Uskayaw
 11464 | D:9      | Noticed a two-headed ogre
 11469 | D:9      | Killed a two-headed ogre
 11693 | D:10     | Entered Level 10 of the Dungeon
 12165 | D:10     | Killed an unseen horror
 12191 | D:10     | Noticed Erolcha
 12222 | D:10     | HP: 2/54 [Erolcha/+0 giant club (15)]
 12239 | D:10     | Demolished by Erolcha

Levels and vault maps discovered:
D:1:      dpeg_arrival_houses_and_road, layout_loops_ring, due_unseen_surprise
D:2:      minmay_wonky_spiral, layout_loops_cross
D:3:      kennysheep_goblin_castle, layout_basic
D:4:      layout_basic, minmay_temple_entry_trees, first_ration,
          serial_park_tiny_2, uniq_natasha
D:5:      layout_loops_ring, minmay_overflow_temple_star_quad, serial_glass,
          glass_columns_c, glass_columns_a, item_on_display_a, feat_on_display,
          item_on_display_a, due_unseen_surprise, uniq_pikel
D:6:      layout_cave_pools, corexii_corridor_pit, uniq_duvessa
D:7:      layout_cave_pools, minitemple, david_defended_altar_orc
D:8:      cheibrodos_fertilizer, layout_basic, grunt_ogre_cave, uniq_maurice,
          uniq_joseph
D:9:      nrook_guardian_serpent_snake_passage, layout_irregular_city,
          yredelemnul_forgotten_temple_becter, enter_bailey_2, basic_altar,
          uniq_psyche, uniq_prince_ribbit1
D:10:     layout_roguey, uniq_erolcha
Temple:   nicolae_temple_figure_eight

Skill      XL: |  1  2  3  4  5  6  7  8  9 10 11 |
---------------+----------------------------------+-----
Short Blades   | 2 3 4 5 7 8 10 | 10.3
Shields        | 2 6 |  6.5
Invocations    | 4 7 9 |  9.6
Stealth        | 9 10 | 10.1
Fighting       | 4 |  4.6
Throwing       | |  1.7
Dodging        | |  0.7

Action                   |  1- 3 |  4- 6 |  7- 9 | 10-12 || total
-------------------------+-------+-------+-------+-------++-------
Melee: Dagger            |   108 |   172 |   499 |   543 ||  1322
       Bite              |    20 |    48 |   176 |   205 ||   449
Throw: Dart              |     8 |    17 |    77 |    58 ||   160
       Throwing net      |       |       |     2 |     3 ||     5
       Javelin           |       |       |     2 |     7 ||     9
       Boomerang         |       |       |       |     1 ||     1
Invok: Line Pass         |       |       |       |     6 ||     6
       Stomp             |       |       |       |     1 ||     1
Evoke: Wand              |       |       |     3 |     7 ||    10
  Use: Scroll            |       |       |    16 |    10 ||    26
       Potion            |       |       |       |     3 ||     3
 Stab: Sleeping          |    16 |     3 |     8 |    10 ||    37
       Paralysed         |       |       |     8 |    15 ||    23
       Held in net/web   |       |       |     3 |     1 ||     4
       Distracted        |       |       |     1 |     1 ||     2
       Confused          |       |       |       |     2 ||     2
  Eat: Chunk             |     4 |     7 |    10 |    15 ||    36
       Ration            |       |       |     1 |       ||     1
Armor: Robe              |    26 |       |       |       ||    26
       Leather armour    |       |    50 |    49 |    82 ||   181
Dodge: Dodged            |    49 |    91 |   145 |   140 ||   425
Block: Buckler           |       |       |    68 |   139 ||   207
       Reflection        |       |       |       |    35 ||    35

Table legend:
 A = Non-vault XP
 B = Vault XP
 C = Vault XP percentage of total XP
 D = Non-vault monster count
 E = Vault monster count
 F = Vault count percentage of total count
                 A         B        C        D         E       F
            +---------+---------+-------+---------+---------+-------
      Total |   10735 |    5338 |  33.2 |     218 |      67 |  23.5
            +---------+---------+-------+---------+---------+-------
        D:1 |      35 |       0 |   0.0 |      20 |       0 |   0.0
        D:2 |     121 |      12 |   9.0 |      25 |       3 |  10.7
        D:3 |     272 |      59 |  17.8 |      28 |      12 |  30.0
        D:4 |     864 |      35 |   3.9 |      25 |       1 |   3.8
        D:5 |     994 |     641 |  39.2 |      23 |       1 |   4.2
        D:6 |     518 |     224 |  30.2 |      22 |       2 |   8.3
        D:7 |     915 |     125 |  12.0 |      20 |       3 |  13.0
        D:8 |     926 |    1356 |  59.4 |      11 |      14 |  56.0
        D:9 |    3643 |    1559 |  30.0 |      29 |       5 |  14.7
       D:10 |    2447 |       0 |   0.0 |      15 |       0 |   0.0
     Bailey |       0 |    1327 | 100.0 |       0 |      26 | 100.0
            +---------+---------+-------+---------+---------+-------
